 Dungeon Crawl Stone Soup version 0.31-a0-771-g505c3d19dc (webtiles) character file.

Game seed: 8492310300984815646

959 cforsyth the Trooper (level 8, -5/64 HPs)
             Began as a Djinni Delver on Sept 16, 2023.
             Shot with a sling bullet by Duvessa (7 damage)
             ... on level 4 of the Dungeon.
             The game lasted 00:06:54 (3504 turns).

cforsyth the Trooper (Djinni Delver)                Turns: 3504, Time: 00:06:55

Health: -5/64      AC:  4    Str: 11    XL:     8   Next: 37%
Gold:   213        EV: 12    Int: 14    God:
                   SH:  0    Dex: 15

rFire   + + .        q - +4 dagger
rCold   x . .        (no shield)
rNeg    . . .        b - +0 leather armour
rPois   ∞            (no helmet)
rElec   .            (no cloak)
rCorr   .            m - +0 pair of gloves
SInv    .            (boots unavailable)
Will    .....        (no amulet)
Stlth   ++           (no ring)
HPRegen 0.30/turn    (no ring)
MPRegen 0.00/turn

%: infuse magic (-6 HP)
@: weak-willed, flying
A: sickness immunity, fire resistance 2, cold vulnerability 1, float, innate
caster, HP casting, extra vitality 1
a: no special abilities


You were on level 4 of the Dungeon.
You visited 1 branch of the dungeon, and saw 2 of its levels.

You collected 213 gold pieces.

Inventory:

Hand Weapons
 a - a +0 falchion
 q - a +4 dagger (weapon)
Armour
 b - a +0 leather armour (worn)
 m - a +0 pair of gloves (worn)
Wands
 g - a wand of digging (11)
 j - a wand of charming (7)
 p - a wand of iceblast (6)
Scrolls
 c - a scroll of fog
 d - a scroll of revelation
 e - 2 scrolls of fear
 k - 4 scrolls of identify
Potions
 f - a potion of haste
 h - 2 potions of curing
 i - a potion of invisibility {unknown}
 n - a potion of heal wounds {unknown}
 r - a potion of enlightenment {unknown}


   Skills:
 + Level 7.1 Fighting
 - Level 1.7 Long Blades
 - Level 2.1 Dodging
 - Level 4.1 Stealth
 + Level 4.5 Spellcasting
 + Level 4.5 Conjurations
 + Level 4.5 Hexes
 + Level 4.5 Summonings
 + Level 4.5 Necromancy
 + Level 4.5 Translocations
 + Level 4.5 Transmutations
 + Level 4.5 Fire Magic
 + Level 4.5 Ice Magic
 + Level 4.5 Air Magic
 + Level 4.5 Earth Magic
 + Level 4.5 Poison Magic


You knew the following spells:

 Your Spells              Type           Power      Damage    Failure   Level
a - Shock                 Conj/Air       64%        1d7       3%          1
b - Momentum Strike       Conj/Tloc      32%        3d8       5%          2
c - Dazzling Flash        Conj/Hex       32%        N/A       11%         3
Your spell library was empty.

Dungeon Overview and Level Annotations

Branches:
Dungeon (5/15)
 Temple: D:4-7

Altars:

Annotations:
D:4 Dowan, Duvessa


Innate Abilities, Weirdness & Mutations

You are immune to sickness and miasma.
You are immune to poison.
Your flesh is very heat resistant. (rF++)
You are vulnerable to cold. (rC-)
You float through the air rather than walking.
You learn spells naturally, not from books.
Your magical power is your life essence.
You have superior vitality. (+4 MHP)


Message History

You easily resist.
As you read the scroll labelled GIACUNECOT, it crumbles to dust.
It is a scroll of identify.
h - 2 potions of curing Duvessa shoots a sling bullet.
The sling bullet hits you.
Duvessa says, "Where magic fails, the sword succeeds!"
Duvessa shoots a sling bullet.
The sling bullet closely misses you.
As you read the scroll labelled XEF BONOMOG, it crumbles to dust.
Magic quickly surges around you.
It was a scroll of vulnerability.
Duvessa shoots a sling bullet.
The sling bullet hits you! Dowan casts a spell at you.
You resist with some effort.
As you read the scroll labelled CARHAE ICOL, it crumbles to dust.
It is a scroll of enchant weapon.
Your +3 dagger glows red for a moment.
Duvessa shoots a sling bullet.
The sling bullet completely misses you. Dowan gestures at you while chanting.
The puff of frost hits you!
You feel a terrible chill!
Duvessa shoots a sling bullet.
The sling bullet closely misses you.
Casting: Shock (safe; 3% risk of failure)
Confirm with . or Enter, or press ? or * to list all spells.
Okay, then.
The air fills with toxic fumes!
As you read the scroll labelled FECVOR ITHOU, it crumbles to dust.
It was a scroll of poison.
Duvessa shoots a sling bullet.
The sling bullet closely misses you. Dowan casts a spell at you.
The puff of frost misses you.
Duvessa shoots a sling bullet.
The sling bullet hits you!
* * * LOW HITPOINT WARNING * * *
Duvessa shoots a sling bullet.
The sling bullet barely misses you.
Duvessa shoots a sling bullet.
The sling bullet barely misses you.
Dowan says, "My weaknesses are her strengths!"
Duvessa shoots a sling bullet.
The sling bullet hits you!
* * * LOW HITPOINT WARNING * * *
Duvessa says, "When magic and the sword combine, nothing stands against them."
Duvessa shoots a sling bullet.
The sling bullet hits you!
* * * LOW HITPOINT WARNING * * *
Duvessa shoots a sling bullet.
The sling bullet hits you!
You die...

.......##....~# #~...(. ###
.......#.....~# #~....###..
.............~## ##~.....#..#
.............~§####§§§§......#
#######.......§§§§§§§§§......#
#.......§§§§§§§§§e.....#
#.).##..§§§§§§§§##.e..#
#....#..§§§☼§§§§#§§...#
#.......§§@§§§§☼§§§...#
#.........#§§§§§§§§...#
####.....###§§§.☼☼§...#
##...## ############ #####


You could see Duvessa (fast, weak-willed).

Vanquished Creatures
  A black bear (D:5)
  2 ogres
  A kobold brigand (D:5)
  A phantom (D:5)
  A bullfrog (D:5)
  A scorpion (D:4)
  A howler monkey (D:5)
  A jelly (D:5)
  2 hounds
  A sleepcap (D:4)
  4 iguanas
  3 adders
  7 gnolls (D:5)
  2 ufetubi (D:5)
  A dart slug (D:4)
  4 orcs (D:4)
  2 ball pythons (D:4)
  3 goblins (D:4)
  6 hobgoblins (D:5)
  5 jackals (D:4)
  39 kobolds
88 creatures vanquished.

Notes
Turn   | Place    | Note
-------+----------+-------------------------------------------
     0 | D:5      | cforsyth the Djinni Delver began the quest for the Orb.
     0 | D:5      | Reached XP level 1. HP: 20/20 MP: 0/0
    38 | D:5      | Noticed an iguana
   120 | D:5      | Reached XP level 2. HP: 19/25 MP: 0/0
   357 | D:5      | Noticed a howler monkey
   368 | D:5      | Killed a howler monkey
   369 | D:5      | Reached skill level 1 in Spellcasting
   369 | D:5      | Reached skill level 1 in Conjurations
   369 | D:5      | Reached skill level 1 in Hexes
   369 | D:5      | Reached skill level 1 in Summonings
   369 | D:5      | Reached skill level 1 in Necromancy
   369 | D:5      | Reached skill level 1 in Translocations
   369 | D:5      | Reached skill level 1 in Transmutations
   369 | D:5      | Reached skill level 1 in Fire Magic
   369 | D:5      | Reached skill level 1 in Ice Magic
   369 | D:5      | Reached skill level 1 in Air Magic
   369 | D:5      | Reached skill level 1 in Earth Magic
   369 | D:5      | Reached skill level 1 in Poison Magic
   369 | D:5      | Reached XP level 3. HP: 19/31 MP: 0/0
   369 | D:5      | Learned a level 1 spell: Shock
   369 | D:5      | Reached XP level 4. HP: 23/37 MP: 0/0
   401 | D:5      | Reached skill level 4 in Fighting
   495 | D:5      | Reached XP level 5. HP: 28/41 MP: 0/0
   495 | D:5      | Learned a level 2 spell: Momentum Strike
   828 | D:5      | Noticed a bullfrog
   837 | D:5      | Killed a bullfrog
   838 | D:5      | Reached XP level 6. HP: 24/49 MP: 0/0
  1011 | D:5      | Reached skill level 5 in Fighting
  1747 | D:5      | Reached XP level 7. HP: 52/54 MP: 0/0
  1747 | D:5      | Learned a level 3 spell: Dazzling Flash
  2197 | D:5      | Reached skill level 6 in Fighting
  2879 | D:4      | Reached XP level 8. HP: 59/62 MP: 0/0
  3140 | D:4      | Reached skill level 7 in Fighting
  3162 | D:4      | Noticed Duvessa
  3279 | D:4      | Noticed Dowan
  3503 | D:4      | HP: 2/64 [Duvessa/sling bullet (9)]
  3504 | D:4      | Shot with a sling bullet by Duvessa

Illustrated notes

Levels and vault maps discovered:
D:4:      layout_basic, kennysheep_decorative_pillar, uniq_duvessa
D:5:      minmay_goblin_kobold_castle, layout_basic, grunt_ministairs_13,
          kennysheep_cross_room

Skill      XL: |  1  2  3  4  5  6  7  8 |
---------------+-------------------------+-----
Spellcasting   | 1 2 3 4 |  4.5
Conjurations   | 1 2 3 4 |  4.5
Hexes          | 1 2 3 4 |  4.5
Summonings     | 1 2 3 4 |  4.5
Necromancy     | 1 2 3 4 |  4.5
Translocations | 1 2 3 4 |  4.5
Transmutations | 1 2 3 4 |  4.5
Fire Magic     | 1 2 3 4 |  4.5
Ice Magic      | 1 2 3 4 |  4.5
Air Magic      | 1 2 3 4 |  4.5
Earth Magic    | 1 2 3 4 |  4.5
Poison Magic   | 1 2 3 4 |  4.5
Fighting       | 4 5 6 7 |  7.1
Long Blades    | |  1.7
Dodging        | |  2.1
Stealth        | |  4.1

Action                     |  1- 3 |  4- 6 |  7- 9 || total
---------------------------+-------+-------+-------++-------
  Melee: Falchion          |    11 |    39 |    29 ||    79
         Punch             |       |       |     1 ||     1
         Dagger            |       |       |     3 ||     3
   Cast: Shock             |       |    70 |   175 ||   245
         Momentum Strike   |       |     6 |     4 ||    10
    Use: Scroll            |       |       |     4 ||     4
 Armour: Leather armour    |     7 |    28 |    67 ||   102
  Dodge: Dodged            |     7 |    44 |    76 ||   127

Table legend: (Time is in decaauts)
 A = Elapsed time spent in this place.
 B = Non-inter-level travel time spent in this place.
 C = Inter-level travel time spent in this place.
 D = Time resting spent in this place.
 E = Time spent auto-exploring this place.
 F = Levels seen in this place.
 G = Mean time per level.
                   A        B        C        D        E       F      G
               +--------+--------+--------+--------+--------+-----+--------+
         Total |   3520 |   3406 |    114 |    606 |   1921 |   2 | 1760.0 |
       Dungeon |   3520 |   3406 |    114 |    606 |   1921 |   2 | 1760.0 |
               +--------+--------+--------+--------+--------+-----+--------+

Top non-repeatable levels by time:
     D:5: 2878 daAuts
     D:4: 642 daAuts
